 Dungeon Crawl Stone Soup version 0.25-a0-631-gc915619 (webtiles) character file.

Game seed: 10644132836527102918, levelgen mode: deterministic

165 MrTaco21 the Cudgeler (level 5, -3/32 HPs)
             Began as a Gargoyle Fighter on Mar 18, 2020.
             Slain by a gnoll
             ... wielding a +0 whip
              (4 damage)
             ... on level 2 of the Dungeon.
             The game lasted 00:02:45 (2083 turns).

MrTaco21 the Cudgeler (Gargoyle Fighter)            Turns: 2083, Time: 00:02:45

Health: -3/32      AC: 10    Str: 21    XL:     5   Next: 46%
Magic:  5/5        EV:  7    Int:  8    God:
Gold:   58         SH:  9    Dex:  9    Spells: 4/4 levels left

rFire    . . .     SeeInvis .   a - +0 flail
rCold    . . .     Gourm    .   c - +0 kite shield
rNeg     + . .     Faith    .   b - +0 scale mail
rPois    ∞         Spirit   .   (no helmet)
rElec    +         Reflect  .   (no cloak)
rCorr    .         Harm     .   (no gloves)
MR       .....                  (no boots)
Stlth    ..........             (no amulet)
HPRegen  0.10/turn              (no ring)
MPRegen  0.09/turn              (no ring)

@: no status effects
A: negative energy resistance 1, electricity resistance, unbreathing,
petrification resistance, rot immunity, AC +4
a: no special abilities


You were on level 2 of the Dungeon.
You were not hungry.

You visited 1 branch of the dungeon, and saw 2 of its levels.

You collected 58 gold pieces.

Inventory:

Hand Weapons
 a - a +0 flail (weapon)
Armour
 b - a +0 scale mail (worn)
 c - a +0 kite shield (worn)
 n - a +0 chain mail
   (You found it on level 1 of the Dungeon)
 p - a +0 helmet
   (You took it off Robin on level 2 of the Dungeon)
Scrolls
 f - 6 scrolls of identify {unknown}
 h - 2 scrolls of immolation {unknown}
 i - a scroll of enchant weapon {unknown}
 l - 3 scrolls of remove curse {unknown}
 m - a scroll of enchant armour {unknown}
Potions
 d - a potion of might
 g - 2 potions of degeneration {unknown}
 j - a potion of curing {unknown}
 k - a potion of heal wounds {unknown}
 o - a potion of resistance {unknown}
Comestibles
 e - 3 rations {!d}
 q - 4 chunks of flesh


   Skills:
 - Level 3.2 Fighting
 + Level 5.5 Maces & Flails
 - Level 3.2 Armour
 - Level 3.2 Shields


You had 4 spell levels left.
You didn't know any spells.
Your spell library was empty.

Dungeon Overview and Level Annotations

Branches:
Dungeon (2/15)

Altars:
Yredelemnul

Annotations:
D:2 1 runed translucent door, Crazy Yiuf


Innate Abilities, Weirdness & Mutations

You are resistant to torment.
Your stone body is resilient. (AC +4)
You are immune to poison.
You resist negative energy. (rN+)
You are resistant to electric shocks. (rElec)
You can survive without breathing.
You are immune to petrification.
You are immune to rotting.


Message History

You hit the gnoll shaman but do no damage.
The gnoll shaman calls upon its god to speed up the gnoll.
The gnoll seems to speed up.
You closely miss the gnoll shaman. You block the gnoll shaman's attack.
You closely miss the gnoll shaman.
The gnoll shaman hits you but does no damage.
You closely miss the gnoll shaman.
The gnoll shaman hits you with a +0 club.
You thump the gnoll shaman!
The gnoll shaman hits you with a +0 club.
You barely miss the gnoll shaman.
The gnoll shaman hits you but does no damage. x2
You hit the gnoll shaman. You block the gnoll shaman's attack.
You closely miss the gnoll shaman.
The gnoll shaman hits you but does no damage.
You hit the gnoll shaman.
The gnoll shaman utters an invocation to its god.
The gnoll shaman is healed somewhat.
You closely miss the gnoll shaman.
The gnoll shaman calls upon its god to heal the gnoll.
The gnoll is healed somewhat.
You hit the gnoll shaman.
The gnoll shaman hits you but does no damage.
You hit the gnoll shaman but do no damage.
The gnoll shaman hits you with a +0 club.
You closely miss the gnoll shaman. The gnoll shaman closely misses you.
You hit the gnoll shaman but do no damage.
The gnoll shaman hits you but does no damage.
The gnoll shaman hits you with a +0 club.
* * * LOW HITPOINT WARNING * * *
You hit the gnoll shaman.
The gnoll shaman hits you with a +0 club.
* * * LOW HITPOINT WARNING * * *
Your shield prevents you from hitting the gnoll shaman.
You block the gnoll shaman's attack.
Unknown command.
You sock the gnoll shaman!
You kill the gnoll shaman!
Unknown command.
You barely miss the gnoll. The gnoll closely misses you.
You block the gnoll's attack.
Unknown command.
You closely miss the gnoll. The gnoll hits you but does no damage.
The gnoll hits you with a +0 whip.
* * * LOW HITPOINT WARNING * * *
You closely miss the gnoll. The gnoll hits you but does no damage.
The gnoll hits you with a +0 whip.
* * * LOW HITPOINT WARNING * * *
You closely miss the gnoll. The gnoll hits you with a +0 whip.
You die...

#######.......
#....... #..##.#.
#..##.#. #..##.##
#..##.## #.<##.#
#.#############..##.#
#..gg@...........)..#
#####################


You could see 2 gnolls.

Vanquished Creatures
  A gnoll shaman (D:2)
  Terence (D:2)
  Robin (D:2)
  A gnoll (D:2)
  3 adders (D:2)
  3 worms (D:2)
  3 dart slugs
  A leopard gecko (D:2)
  A giant cockroach (D:1)
  11 goblins
  5 hobgoblins
  7 jackals
  5 bats
  A frilled lizard (D:1)
  5 kobolds (D:2)
  4 rats
  A spectral orc (D:2)
54 creatures vanquished.

Notes
Turn   | Place    | Note
-------+----------+-------------------------------------------
     0 | D:1      | MrTaco21 the Gargoyle Fighter began the quest for the Orb.
     0 | D:1      | Reached XP level 1. HP: 14/14 MP: 1/1
   155 | D:1      | Reached XP level 2. HP: 10/19 MP: 2/2
   411 | D:1      | Reached skill level 3 in Maces & Flails
   878 | D:2      | Reached XP level 3. HP: 23/23 MP: 3/3
   942 | D:2      | Noticed Terence
   961 | D:2      | Killed Terence
   961 | D:2      | Reached skill level 4 in Maces & Flails
   961 | D:2      | Reached XP level 4. HP: 28/28 MP: 4/4
   992 | D:2      | Found a runed translucent door.
   993 | D:2      | Noticed Crazy Yiuf
  1103 | D:2      | Noticed Robin
  1166 | D:2      | Killed Robin
  1676 | D:2      | Found a basalt altar of Yredelemnul.
  1729 | D:2      | Reached skill level 5 in Maces & Flails
  1729 | D:2      | Reached XP level 5. HP: 32/32 MP: 5/5
  2082 | D:2      | HP: 1/32 [gnoll/+0 whip (4)]
  2083 | D:2      | Slain by a gnoll

Levels and vault maps discovered:
D:1:      nzn_arrival_depleted_hourglass, layout_loops_ring
D:2:      layout_loops_ring, yredelemnul_forgotten_temple_becter, uniq_terence,
          uniq_robin, uniq_crazy_yiuf_cottage

Skill      XL: |  1  2  3  4 |
---------------+-------------+-----
Maces & Flails | 3 4 5 |  5.5
Fighting       | |  3.2
Armour         | |  3.2
Shields        | |  3.2

Action                   |  1- 3 |  4- 6 || total
-------------------------+-------+-------++-------
Melee: Flail             |    84 |   146 ||   230
  Eat: Chunk             |       |     4 ||     4
Armor: Scale mail        |    66 |    81 ||   147
Dodge: Dodged            |    38 |    38 ||    76
Block: Kite shield       |    54 |    80 ||   134

Table legend:
 A = Non-vault XP
 B = Vault XP
 C = Vault XP percentage of total XP
 D = Non-vault monster count
 E = Vault monster count
 F = Vault count percentage of total count
                 A         B        C        D         E       F
            +---------+---------+-------+---------+---------+-------
      Total |     167 |      70 |  29.5 |      39 |      15 |  27.8
            +---------+---------+-------+---------+---------+-------
        D:1 |      29 |       0 |   0.0 |      15 |       0 |   0.0
        D:2 |     138 |      70 |  33.7 |      24 |      15 |  38.5
            +---------+---------+-------+---------+---------+-------
